Map: Romanticide LE

Players

Astrea - Winner!

  • Race: Protoss Protoss
  • League: Master
  • Spawn Location: 11:00

Future

  • Race: Terran Terran
  • League: Master
  • Spawn Location: 5:00

Event: DreamHack SC2 Masters 2020 Winter

VOD

Have the link to the VOD?

Description

Time

  • Played on: Nov. 4, 2020, 4:02 p.m.
  • Length: 12:50

All games in this series

Show
View Real Time Build Order
Export as new Build Order

Astrea Protoss - Winner!

Build Orders:  

Get SALT Encoding   

  12  0:08  Pylon  
  12  0:12  Probe  
  13  0:26  Gateway  
  13  0:30  Probe (Chrono Boost)  
  14  0:39  Probe (Chrono Boost)  
  14  0:40  Assimilator  
  15  0:44  Probe (Chrono Boost)  
  15  0:48  Assimilator  
  16  0:56  Probe  
  17  1:08  Probe  
  18  1:12  Cybernetics Core  
  18  1:20  Probe  
  19  1:29  Pylon  
  19  1:32  Probe  
  20  1:45  Probe  
  20  1:46  Adept (Chrono Boost)  
  21  1:48  Stargate  
  23  1:57  Shield Battery  
  23  1:59  Warp Gate  
  23  2:03  Probe  
  24  2:12  Pylon  
  24  2:16  Pylon  
  24  2:20  Adept  
  26  2:28  Pylon  
  26  2:29  Void Ray (Chrono Boost)  
  30  2:47  Pylon  
  27  2:59  Adept  
  27  3:02  Pylon  
  29  3:19  Pylon  
  29  3:20  Probe  
  30  3:32  Probe  
  31  3:39  Nexus  
  31  3:44  Probe  
  32  3:49  Sentry  
  32  3:55  Robotics Facility  
  34  3:57  Probe  
  35  4:10  Pylon, Probe  
  36  4:20  Phoenix  
  36  4:22  Probe (Chrono Boost)  
  31  4:28  Sentry  
  33  4:34  Gateway, Probe (Chrono Boost)  
  34  4:42  Probe (Chrono Boost)  
  34  4:43  Robotics Bay, Observer  
  36  4:51  Probe (Chrono Boost)  
  38  4:53  Probe (Chrono Boost)  
  38  4:56  Shield Battery  
  39  5:01  Probe (Chrono Boost)  
  39  5:03  Probe (Chrono Boost)  
  39  5:04  Observer  
  39  5:06  Probe (Chrono Boost)  
  41  5:13  Probe  
  43  5:18  Probe  
  44  5:25  Probe  
  45  5:29  Warp Prism (Chrono Boost)  
  45  5:30  Probe  
  45  5:33  Gravitic Drive  
  48  5:37  Probe  
  48  5:41  Assimilator  
  48  5:42  Assimilator  
  49  5:44  Pylon, Probe  
  49  5:45  Sentry  
  49  5:49  Probe  
  53  5:55  Disruptor (Chrono Boost)  
  53  5:56  Probe  
  54  6:02  Probe  
  58  6:08  Probe  
  59  6:14  Forge, Twilight Council, Probe  
  59  6:15  Gateway  
  59  6:16  Gateway  
  60  6:18  Observer  
  60  6:20  Probe  
  61  6:26  Colossus (Chrono Boost)  
  61  6:30  Pylon  
  67  6:34  Extended Thermal Lance  
  67  6:45  Pylon, Protoss Ground Weapons Level 1 (Chrono Boost)  
  67  6:46  Charge  
  67  6:57  Nexus  
  67  7:09  Colossus (Chrono Boost), Observer  
  67  7:14  Stalker  
  74  7:26  Stalker x3  
  80  7:49  Probe x2  
  82  8:00  Zealot x2  
  82  8:03  Pylon  
  82  8:05  Pylon  
  86  8:07  Gateway  
  86  8:08  Colossus, Gateway  
  92  8:16  Zealot x2  
  96  8:23  Stalker x2  
  96  8:27  Observer  
  100  8:29  Probe x2  
  102  8:40  Probe  
  101  8:41  Probe  
  101  8:47  Probe  
  102  8:49  Zealot x3  
  102  8:52  Probe, Dark Shrine  
  100  9:05  Zealot x3  
  91  9:14  Zealot x3  
  94  9:19  Colossus  
  83  9:24  Probe x2  
  83  9:25  Zealot x2  
  83  9:26  Zealot, Observer  
  84  9:31  Probe  
  84  9:35  Zealot x3  
  84  9:36  Probe  
  84  9:37  Probe  
  87  9:42  Protoss Ground Armor Level 1 (Chrono Boost)  
  87  9:43  Probe  
  88  9:48  Probe  
  88  9:49  Probe  
  90  9:55  Probe  
  90  9:56  Observer  
  91  10:01  Probe x2  
  91  10:04  Dark Templar x2  
  91  10:06  Dark Templar  
  99  10:07  Probe  
  99  10:09  Sentry x2  
  99  10:12  Observer  
  99  10:13  Probe x2  
  106  10:20  Probe  
  107  10:23  Assimilator  
  107  10:25  Probe  
  107  10:26  Pylon, Probe  
  107  10:27  Shield Battery  
  109  10:41  Disruptor (Chrono Boost)  
  109  10:44  Probe  
  109  10:45  Zealot  
  109  10:48  Pylon  
  109  10:49  Pylon x2  
  115  10:50  Pylon  
  115  10:54  Dark Templar  
  115  10:56  Gateway  
  117  10:58  Gateway  
  117  11:06  Dark Templar  
  117  11:08  Zealot x4  
  110  11:29  Stalker x2  
  110  11:30  Stalker x2  
  110  11:31  Stalker  
  106  11:41  Zealot  
  102  11:55  Pylon  
  102  11:56  Pylon  
  84  12:08  Stalker x4  
  82  12:10  Zealot x3  
  74  12:23  Stalker  
  70  12:30  Zealot x3  
  70  12:35  Dark Templar  
  60  12:38  Zealot  
  54  12:46  Stalker  
Show
View Real Time Build Order
Export as new Build Order

Future Terran 

Build Orders:  

Get SALT Encoding   

  12  0:01  SCV  
  13  0:13  SCV  
  14  0:18  Supply Depot  
  14  0:25  SCV  
  15  0:39  SCV  
  15  0:40  Barracks  
  16  0:51  SCV  
  17  1:03  Supply Depot, SCV  
  18  1:05  Refinery  
  18  1:15  SCV  
  19  1:28  Marine, Orbital Command  
  20  1:45  Marine  
  21  1:49  Command Center  
  21  1:56  SCV  
  22  2:03  Marine  
  23  2:08  Supply Depot  
  23  2:13  SCV  
  24  2:21  Marine  
  25  2:35  Factory  
  25  2:38  SCV  
  25  2:39  Marine  
  27  2:50  SCV  
  27  2:58  Marine  
  28  3:02  SCV  
  27  3:14  SCV  
  27  3:16  Marine, SCV  
  30  3:20  Factory Tech Lab  
  30  3:24  Refinery  
  30  3:29  Orbital Command  
  29  3:36  Marine  
  29  3:40  SCV  
  31  3:45  Cyclone  
  31  3:48  Bunker  
  34  3:56  Marine  
  34  3:59  SCV  
  34  4:01  SCV  
  37  4:09  Supply Depot  
  37  4:11  SCV  
  37  4:13  SCV  
  37  4:15  Marine  
  40  4:23  SCV  
  39  4:26  SCV  
  40  4:35  SCV  
  40  4:38  Siege Tank, SCV  
  45  4:40  Barracks Reactor  
  45  4:47  SCV  
  45  4:50  SCV  
  47  4:53  Barracks  
  47  4:59  SCV  
  48  5:02  SCV, Engineering Bay  
  48  5:05  Barracks  
  49  5:10  Siege Tank  
  49  5:14  SCV x2  
  53  5:16  Supply Depot  
  53  5:18  Marine x2  
  56  5:26  SCV x2  
  58  5:30  Terran Infantry Weapons Level 1  
  58  5:31  Refinery  
  58  5:36  Supply Depot  
  58  5:38  SCV  
  58  5:39  SCV  
  60  5:44  Starport  
  60  5:47  Marine  
  60  5:48  Marine  
  62  5:50  SCV  
  62  5:51  SCV  
  62  5:52  Factory Reactor  
  62  5:55  Barracks Tech Lab  
  64  5:59  Stimpack  
  64  6:02  SCV, Refinery  
  64  6:03  Marine, SCV  
  64  6:04  Supply Depot  
  67  6:08  Marine x2  
  69  6:17  Combat Shield  
  69  6:18  Marauder  
  71  6:21  Marauder  
  71  6:23  Missile Turret  
  73  6:27  Marine x2  
  75  6:37  Medivac x2  
  75  6:38  Factory Tech Lab  
  79  6:43  Supply Depot x2, Marauder  
  79  6:44  Marauder  
  79  6:45  Marine x2  
  85  7:03  Marine  
  85  7:04  Marauder, Marine, Siege Tank  
  85  7:05  Marauder  
  85  7:06  Supply Depot  
  85  7:07  Supply Depot  
  93  7:15  Medivac  
  93  7:19  SCV x2  
  91  7:23  Medivac  
  91  7:24  Marine x2  
  91  7:29  Marauder x2  
  99  7:35  SCV  
  99  7:36  SCV, Siege Tank  
  104  7:44  Marine x2  
  104  7:48  SCV x2  
  105  7:59  Marauder x2  
  105  8:01  Viking  
  105  8:02  Viking  
  111  8:08  Supply Depot  
  108  8:15  Siege Tank  
  108  8:16  Supply Depot  
  111  8:29  Marauder x2  
  111  8:30  Marine  
  111  8:32  Viking  
  111  8:33  Viking  
  119  8:52  Marauder x2  
  119  8:55  Siege Tank  
  126  8:56  Marine x2  
  123  9:08  Viking x2  
  124  9:13  Supply Depot, Terran Infantry Armor Level 1  
  124  9:15  Supply Depot  
  111  9:30  Marauder x2  
  111  9:31  Marine x2  
  111  9:32  Siege Tank  
  97  9:44  Viking x2  
  101  9:51  Marauder, Barracks  
  101  9:52  Marauder, Marine  
  105  9:53  Marine  
  107  10:05  Siege Tank  
  110  10:14  Viking x2  
  110  10:16  Marauder  
  110  10:17  Marauder, Marine x2  
  120  10:35  Marine x2  
  121  10:38  Marauder x2  
  126  10:44  Siege Tank  
  128  10:59  Marine, Marauder x2  
  126  11:04  Marine  
  127  11:17  Orbital Command  
  123  11:28  Missile Turret  
  123  11:29  Missile Turret  
  97  12:09  Marine  
  82  12:24  Marine  
Tags
 
Add a new tag
Caveats
  • Supply blocks, unpowered buildings, or Contaminate may cause inaccurate times.
  • Supply counts are checked every 10 seconds.